 Dungeon Crawl Stone Soup version 0.17.1-3-g152610e (webtiles) character file.

833 Metrazal the Covert (level 7, 0/33 HPs)
             Began as a Spriggan Assassin on Mar 6, 2016.
             Slain by an orc priest
             ... wielding a +0 short sword
              (2 damage)
             ... on level 4 of the Dungeon.
             The game lasted 00:26:30 (4734 turns).

Metrazal the Covert (Spriggan Assassin)             Turns: 4734, Time: 00:26:30

Health: 0/33       AC:  4    Str:  7    XL:     7   Next: 65%
Magic:  8/8        EV: 25    Int: 12    God:
Gold:   190        SH:  0    Dex: 25    Spells: 0 memorised, 6 levels left

rFire  . . .     SeeInvis +     a - +2 dagger
rCold  . . .     Clarity  .     i - +0 robe
rNeg   . . .     SustAt   .     (shield restricted)
rPois  +         Gourm    .     (helmet restricted)
rElec  .         Spirit   .     h - +1 cloak
rCorr  .         Warding  .     (gloves unavailable)
rMut   .         Stasis   .     (boots unavailable)
MR     +....                    (no amulet)
Stlth  ++++++....               u - ring of poison resistance
                                l - +5 ring of dexterity

@: very slightly contaminated, hasted, very quick, somewhat resistant to hostile
enchantments, very stealthy
A: unfitting armour, see invisible, herbivore 3, speed 3, slow metabolism 2
a: no special abilities


You were on level 4 of the Dungeon.
You were full.

You visited 1 branch of the dungeon, and saw 4 of its levels.

You collected 190 gold pieces.

Inventory:

Hand Weapons
 a - a +2 dagger (weapon)
 b - a +0 blowgun
 c - a +0 hunting sling
Missiles
 d - 17 arrows of flame
 e - 44 poisoned needles
 f - 5 curare-tipped needles
 n - 143 stones (quivered)
 o - 90 arrows
Armour
 h - a +1 cloak (worn)
 i - a +0 robe (worn)
Jewellery
 l - a +5 ring of dexterity (left hand)
 u - a ring of poison resistance (right hand)
 v - an uncursed ring of protection from fire
Scrolls
 k - a scroll of immolation {unknown}
 m - 3 scrolls of identify {unknown}
 p - a scroll of fog {unknown}
 q - 2 scrolls of teleportation {unknown}
 s - 3 scrolls of remove curse {unknown}
 w - a scroll of enchant armour {unknown}
Potions
 j - a potion of cure mutation
 t - a potion of haste
Comestibles
 g - 2 bread rations


   Skills:
 - Level 1.5 Fighting
 + Level 5.9 Short Blades
 - Level 2.0 Throwing
 + Level 7.0 Dodging
 + Level 9.8 Stealth


You had 6 spell levels left.
You didn't know any spells.

Dungeon Overview and Level Annotations

Branches:
Dungeon (4/15)
 Temple: D:4-7

Altars:
Trog


Innate Abilities, Weirdness & Mutations

You are tiny and cannot use many weapons and most armour.
You have supernaturally acute eyesight.
You are a herbivore.
You cover ground extremely quickly.
You need consume almost no food.


Message History

The orc priest is lightly wounded.
The orc priest completely misses you.
Wield which item (- for none, * to show all)? (? for menu, Esc to quit)
a - a +2 dagger (weapon)
You hit the orc priest.
The orc priest is moderately wounded.
You barely miss the orc priest.
The orc priest is moderately wounded.
The orc priest barely misses you.
You hit the orc priest but do no damage.
The orc priest is moderately wounded.
You barely miss the orc priest.
The orc priest is severely wounded.
The orc priest misses you.
You hit the orc priest but do no damage.
The orc priest is severely wounded.
You hit the orc priest but do no damage.
The orc priest is severely wounded.
The orc priest hits you with a short sword.
You die...

#####.#.######
####.#.##
#.......##
...##.#...#######
.....^........#
#####...#####.#
##.## #.# #
####.######.#.#
#....@o(.(.(#.##
#.##.##.##.?(..####
# #.##.##........#
#....##...o....#
#.##.##....oo..#
#...........o..#
.!...###........ #.
### #........
#........


You could see an orc priest.

Vanquished Creatures
  Grinder (D:4)
  The ghost of Metrazal the Covert, an amateur SpAs (D:3)
  Eustachio (D:4)
  A giant frog (D:3)
  A hound (D:4)
  An orc priest (D:4)
  A worker ant (D:4)
  7 adders
  5 gnolls
  3 worms
  3 giant geckos
  6 orcs
  A ball python (D:1)
  12 bats
  2 giant cockroaches
  8 goblins
  6 hobgoblins
  8 jackals (D:3)
  3 kobolds
  4 quokkas
  2 giant newts (D:2)
  10 rats
87 creatures vanquished.

Notes
Turn   | Place    | Note
--------------------------------------------------------------
     0 | D:1      | Metrazal the Spriggan Assassin began the quest for the Orb.
     0 | D:1      | Reached XP level 1. HP: 10/10 MP: 2/2
    63 | D:1      | Reached skill level 6 in Stealth
   190 | D:1      | Reached XP level 2. HP: 14/14 MP: 3/3
   616 | D:1      | Reached XP level 3. HP: 5/18 MP: 4/4
  1483 | D:2      | Reached skill level 7 in Stealth
  1617 | D:2      | Found a bloodstained altar of Trog.
  1752 | D:2      | Reached XP level 4. HP: 22/22 MP: 5/5
  2002 | D:3      | Noticed a giant frog
  2022 | D:3      | Killed a giant frog
  2022 | D:3      | Reached XP level 5. HP: 15/25 MP: 6/6
  2513 | D:3      | Noticed Metrazal's ghost (amateur SpAs)
  3395 | D:3      | Killed Metrazal's ghost
  3395 | D:3      | Reached skill level 5 in Dodging
  3395 | D:3      | Reached skill level 8 in Stealth
  3395 | D:3      | Reached XP level 6. HP: 18/30 MP: 7/7
  3914 | D:4      | Noticed Eustachio
  3917 | D:4      | Killed Eustachio
  3917 | D:4      | Reached skill level 5 in Short Blades
  3917 | D:4      | Reached skill level 9 in Stealth
  3917 | D:4      | Reached XP level 7. HP: 33/33 MP: 8/8
  4423 | D:4      | Noticed Grinder
  4426 | D:4      | Paralysed by Grinder for 4 turns
  4468 | D:4      | Killed Grinder
  4714 | D:4      | HP: 1/33 [orc priest/divine providence (10)]
  4715 | D:4      | Gained mutation: You are partially covered in large bone plates (AC +2, SH +2). [potion of mutation]
  4715 | D:4      | Gained mutation: Armour fits poorly on your strangely shaped body. [potion of mutation]
  4715 | D:4      | Gained mutation: You can spit weak poison. [potion of mutation]
  4716 | D:4      | Lost mutation: Armour fits poorly on your strangely shaped body. [potion of cure mutation]
  4716 | D:4      | Lost mutation: You are partially covered in large bone plates (AC +2, SH +2). [potion of cure mutation]
  4716 | D:4      | Lost mutation: You can spit weak poison. [potion of cure mutation]
  4734 | D:4      | Slain by an orc priest

Action                   |  1- 3 |  4- 6 |  7- 9 || total
-------------------------+-------+-------+-------++-------
Melee: Dagger            |    77 |   216 |    33 ||   326
 Fire: Blowgun           |     3 |    16 |     9 ||    28
       Hunting sling     |       |       |    46 ||    46
  Use: Potion            |       |       |     3 ||     3
 Stab: Sleeping          |    20 |     7 |     1 ||    28
       Distracted        |       |     1 |       ||     1
  Eat: Bread ration      |       |     1 |       ||     1
